 Dungeon Crawl Stone Soup version 0.27.1-34-g3ba077fa99 (webtiles) character file.

Game seed: 7754507855816308019

45 zeram the Conjurer (level 3, -1/25 HPs)
             Began as a Gnoll Conjurer on Jan 3, 2022.
             Slain by an adder (2 damage)
             ... on level 2 of the Dungeon.
             The game lasted 00:02:11 (1446 turns).

zeram the Conjurer (Gnoll Conjurer)                 Turns: 1446, Time: 00:02:12

Health: -1/25      AC:  2    Str:  6    XL:     3   Next: 64%
Magic:  9/9        EV: 13    Int: 18    God:
Gold:   65         SH:  0    Dex: 10    Spells: 9/12 levels left

rFire    . . .     SeeInvis .   b - +1 dagger (venom)
rCold    . . .     Faith    .   (no shield)
rNeg     . . .     Spirit   .   a - +0 robe
rPois    .         Reflect  .   (no helmet)
rElec    .         Harm     .   (no cloak)
rCorr    .         Rampage  .   (no gloves)
Will     .....                  (no boots)
Stlth    ++........             (no amulet)
HPRegen  0.08/turn              (no ring)
MPRegen  0.11/turn              (no ring)

@: lethally poisoned (-1 -> -11)
A: fangs 1, strong nose, distributed training
a: no special abilities


You were on level 2 of the Dungeon.
You visited 1 branch of the dungeon, and saw 2 of its levels.

You collected 65 gold pieces.

Inventory:

Hand Weapons
 b - a +1 dagger of venom (weapon)
Armour
 a - a +0 robe (worn)


   Skills:
 + Level 0.9 Fighting
 + Level 0.9 Short Blades
 + Level 0.9 Long Blades
 + Level 0.9 Axes
 + Level 0.9 Maces & Flails
 + Level 0.9 Polearms
 + Level 0.9 Staves
 + Level 0.9 Slings
 + Level 0.9 Bows
 + Level 0.9 Crossbows
 + Level 0.9 Throwing
 + Level 0.9 Armour
 + Level 4.5 Dodging
 + Level 4.2 Stealth
 + Level 0.9 Shields
 + Level 0.9 Unarmed Combat
 + Level 5.0 Spellcasting
 + Level 7.1 Conjurations
 + Level 0.6 Hexes
 + Level 0.6 Summonings
 + Level 0.6 Necromancy
 + Level 0.6 Translocations
 + Level 0.6 Transmutations
 + Level 0.6 Fire Magic
 + Level 0.6 Ice Magic
 + Level 0.6 Air Magic
 + Level 0.6 Earth Magic
 + Level 0.6 Poison Magic
 + Level 1.0 Invocations
 + Level 0.9 Evocations


You had 9 spell levels left.
You knew the following spells:

 Your Spells              Type           Power      Damage    Failure   Level
a - Magic Dart            Conj           100%       1d8       1%          1
b - Searing Ray           Conj           60%        3d5       1%          2

Your spell library contained the following spells:

 Spells                   Type           Power      Damage    Failure   Level
 Dazzling Flash           Conj/Hex       36%        N/A       9%          3
 Fulminant Prism          Conj/Hex       9%         3d7       26%         4
 Iskenderun's Mystic Bla  Conj/Tloc      18%        2d6       26%         4


Dungeon Overview and Level Annotations

Branches:
Dungeon (2/15)

Altars:


Innate Abilities, Weirdness & Mutations

You have very sharp teeth.
Your uncanny sense of smell can sniff out nearby items.
Your experience applies equally to all skills.


Message History

The bat misses you.
Found a stone staircase leading down.
The bat hits you.
An adder comes into view.
The bat completely misses you. The bat closely misses you.
You hit the bat.
The bat is poisoned.
The bat is severely wounded.
The adder hisses angrily.
You hear an angry hiss.
You kill the bat!
An adder comes into view.
Found 14 gold pieces.
A jackal comes into view.
You closely miss the adder. The adder bites you.
You are poisoned.
The adder poisons you!
You hit the adder.
The adder is poisoned.
You bite the adder, but do no damage.
The adder is moderately wounded.
You feel sick. The adder completely misses you.
You closely miss the adder.
The adder is heavily wounded.
You feel sick. The adder bites you.
You are more poisoned.
The adder poisons you!
The adder misses you. x2; The adder bites you.
You are lethally poisoned!
The adder poisons you!
You aren't carrying any potions.
You feel very sick.
You feel very sick.
* * * LOW HITPOINT WARNING * * *
You feel sick.
You kill the adder!
The adder bites you.
* * * LOW HITPOINT WARNING * * *
You are more poisoned.
The adder poisons you!
Your Invocations skill increases to level 1!
You closely miss the adder.
* * * LOW HITPOINT WARNING * * *
You feel very sick. The adder bites you.
You die...

......# #.>...##
#...... #.?#..#
#..#..####.#
#.###<.†........ #
#....†.......... #
######S###...... .
#@# ####### # #.#
#.. # #.# #.# #
#.#### #.# ##
#....# #.# #.
####.######.#####.
#.............#.
#..######.###.#.
#..# #.# #.#.


You could see an adder.

Vanquished Creatures
  An adder (D:2)
  6 ball pythons (D:1)
  3 giant cockroaches (D:1)
  2 goblins (D:1)
  3 hobgoblins (D:1)
  A quokka (D:1)
  3 bats
  5 frilled lizards (D:1)
  8 kobolds (D:1)
  4 rats (D:1)
36 creatures vanquished.

Notes
Turn   | Place    | Note
-------+----------+-------------------------------------------
     0 | D:1      | zeram the Gnoll Conjurer began the quest for the Orb.
     0 | D:1      | Reached XP level 1. HP: 13/13 MP: 6/6
   211 | D:1      | Reached XP level 2. HP: 19/19 MP: 4/7
   214 | D:1      | Learned a level 2 spell: Searing Ray
   724 | D:1      | Reached XP level 3. HP: 24/25 MP: 9/9
   790 | D:1      | Reached skill level 5 in Spellcasting
  1446 | D:2      | Reached skill level 1 in Invocations
  1446 | D:2      | HP: 1/25 [poisoned by an adder]
  1446 | D:2      | Slain by an adder

Illustrated notes

Levels and vault maps discovered:
D:1:      lightli_arrival_statuegarden, layout_loops_ring,
          minmay_indecisive_spiral
D:2:      layout_loops_ring, serial_shops, shop, minmay_misc_feat_ornament

Skill      XL: |  1  2  3 |
---------------+----------+-----
Spellcasting   | 5 |  5.0
Invocations    | 1 |  1.0
Fighting       | |  0.9
Short Blades   | |  0.9
Long Blades    | |  0.9
Axes           | |  0.9
Maces & Flails | |  0.9
Polearms       | |  0.9
Staves         | |  0.9
Slings         | |  0.9
Bows           | |  0.9
Crossbows      | |  0.9
Throwing       | |  0.9
Armour         | |  0.9
Dodging        | |  4.5
Stealth        | |  4.2
Shields        | |  0.9
Unarmed Combat | |  0.9
Conjurations   | |  7.1
Hexes          | |  0.6
Summonings     | |  0.6
Necromancy     | |  0.6
Translocations | |  0.6
Transmutations | |  0.6
Fire Magic     | |  0.6
Ice Magic      | |  0.6
Air Magic      | |  0.6
Earth Magic    | |  0.6
Poison Magic   | |  0.6
Evocations     | |  0.9

Action                   || total
-------------------------++-------
Melee: Dagger            ||    46
       Bite              ||     2
 Cast: Magic Dart        ||    24
       Searing Ray       ||     3
  Use: Scroll            ||     3
 Stab: Sleeping          ||     1
Armor: Robe              ||     9
Dodge: Dodged            ||    43
